 Dungeon Crawl Stone Soup version 0.29-a0-303-ge4682ce883 (webtiles) character file.

Game seed: 17999446439978387760

308 HotDog the Skirmisher (level 6, -2/38 HPs)
             Began as a Gargoyle Fighter on Mar 25, 2022.
             Was an Initiate of the Shining One.
             Slain by a hornet (4 damage)
             ... on level 5 of the Dungeon.
             The game lasted 00:04:39 (4923 turns).

HotDog the Skirmisher (Gargoyle Fighter)            Turns: 4923, Time: 00:04:40

Health: -2/38      AC: 11    Str: 22    XL:     6   Next: 40%
Magic:  7/7        EV:  9    Int:  8    God:    the Shining One [......]
Gold:   231        SH:  5    Dex:  9    Spells: 5/5 levels left

rFire   . . .      SeeInvis .   a - +1 flail
rCold   . . .      Faith    .   c - +1 buckler
rNeg    + . .      Spirit   .   b - +0 scale mail
rPois   ∞          Reflect  .   (no helmet)
rElec   +          Harm     .   (no cloak)
rCorr   .          Rampage  .   (no gloves)
Will    .....                   (no boots)
Stlth   ..........              (no amulet)
HPRegen 0.12/turn               f - ring of flight
MPRegen 0.10/turn               (no ring)

@: flying, glowing
A: sickness immunity, AC +4, negative energy resistance 1, electricity
resistance, torment resistance 1, petrification resistance
a: Renounce Religion


You were on level 5 of the Dungeon.
You worshipped the Shining One.
The Shining One was noncommittal.
You visited 2 branches of the dungeon, and saw 6 of its levels.

You collected 231 gold pieces.

Inventory:

Hand Weapons
 a - a +1 flail (weapon)
Armour
 b - a +0 scale mail (worn)
 c - a +1 buckler (worn)
Jewellery
 f - a ring of flight (left hand)
Wands
 g - a wand of paralysis (12)
Scrolls
 h - a scroll of fear
 j - 3 scrolls of enchant weapon
Potions
 d - a potion of might
 e - a potion of lignification


   Skills:
 * Level 4.3 Fighting
 * Level 3.8 Maces & Flails
 * Level 4.3 Armour
 * Level 1.4 Dodging
 * Level 4.2 Shields
 * Level 1.8 Invocations


You had 5 spell levels left.
You didn't know any spells.
Your spell library contained the following spells:

 Spells                   Type           Power      Damage    Failure   Level
 Animate Skeleton         Necr           0%         N/A       82%         1
 Pain                     Necr           0%         1d4       82%         1
 Conjure Flame            Conj/Fire      0%         6-21      99%         3
 Dazzling Flash           Conj/Hex       0%         N/A       99%         3
 Portal Projectile        Hex/Tloc       0%         N/A       99%         3
 Vampiric Draining        Necr           0%         2d6       99%         3
 Iskenderun's Mystic Bla  Conj/Tloc      0%         2d3       100%        4
 Fireball                 Conj/Fire      0%         3d3       100%        5
 Yara's Violent Unravell  Hex/Tmut       0%         3d3       100%        5
 Starburst                Conj/Fire      0%         6d3       100%        6


Dungeon Overview and Level Annotations

Branches:
Dungeon (5/15)             Temple (1/1) D:4

Altars:
Ashenzari
Dithmenos
Gozag
Kikubaaqudgha
Makhleb
Nemelex Xobeh
Qazlal
Sif Muna
Trog
Uskayaw
Vehumet
Wu Jian
Xom
Yredelemnul
Zin
The Shining One


Innate Abilities, Weirdness & Mutations

You are immune to sickness and miasma.
Your stone body is resilient. (AC +4)
You are immune to poison.
You resist negative energy. (rN+)
You are resistant to electric shocks. (rElec)
You are resistant to unholy torment.
You are immune to petrification.


Message History

No target in view!
No target in view!
No target in view!
h - a scroll of fear You now have 231 gold pieces (gained 13).
Found an escape hatch in the floor.
Found a robe.
There is an open door here.
You reach down and open the door.
A hornet comes into view.
The hornet buzzes angrily.
There is an open door here.
A hornet is nearby!
A hound comes into view.
The hound barks!
There is an open door here.
You closely miss the hornet. You block the hornet's attack.
The hornet stings you but does no damage.
You miss the hornet. The hornet closely misses you. The hornet stings you.
You hit the hornet.
The hornet is lightly wounded.
The hornet stings you. x2
You closely miss the hornet.
The hornet is lightly wounded.
The hornet closely misses you. The hornet misses you.
You hit the hornet but do no damage.
The hornet is lightly wounded.
You block the hornet's attack.
You sock the hornet!
The hornet is moderately wounded.
The hornet stings you. x2
You barely miss the hornet.
The hornet is moderately wounded.
The hornet closely misses you. You block the hornet's attack.
You barely miss the hornet.
The hornet is moderately wounded.
The hornet stings you!
* * * LOW HITPOINT WARNING * * *
The hornet stings you.
You die...

##.## #.# #.# ##'##
##...## ##.....##
#.......## ###
#..>......####.....
.'.........@yh......
###.........####...##
##....[..## .#
##.....## ##...##
##+#


You could see a hornet and a hound.

Vanquished Creatures
  A hound (D:4)
  A jelly (D:4)
  Jessica (D:3)
  2 orc wizards (D:5)
  6 adders
  A worm (D:3)
  A dart slug (D:1)
  15 orcs
  6 endoplasms
  4 giant cockroaches
  9 goblins
  7 hobgoblins
  8 jackals (D:1)
  3 quokkas
  10 ball pythons
  9 bats
  6 frilled lizards
  2 kobolds (D:1)
  3 rats
95 creatures vanquished.

Vanquished Creatures (others)
  A plant (D:1)
1 creature vanquished.

Grand Total: 96 creatures vanquished

Notes
Turn   | Place    | Note
-------+----------+-------------------------------------------
     0 | D:1      | HotDog the Gargoyle Fighter began the quest for the Orb.
     0 | D:1      | Reached XP level 1. HP: 14/14 MP: 1/1
   327 | D:1      | Found a faded altar of an unknown god.
   580 | D:1      | Reached XP level 2. HP: 10/19 MP: 2/2
   772 | D:1      | Got the Tome of Curses and the Volcanoes
  1034 | D:1      | Reached XP level 3. HP: 22/23 MP: 3/3
  2174 | D:2      | Reached skill level 1 in Invocations
  2342 | D:2      | Reached XP level 4. HP: 29/29 MP: 4/4
  2944 | D:3      | Reached skill level 1 in Dodging
  3379 | D:3      | Noticed Jessica
  3387 | D:3      | Killed Jessica
  3388 | D:3      | Reached XP level 5. HP: 33/33 MP: 5/5
  3394 | D:3      | Found a shimmering blue altar of Sif Muna.
  3869 | D:4      | Found a staircase to the Ecumenical Temple.
  3874 | Temple   | Entered the Ecumenical Temple
  3933 | Temple   | Became a worshipper of the Shining One
  4198 | D:4      | Reached XP level 6. HP: 17/38 MP: 7/7
  4437 | D:5      | Entered Level 5 of the Dungeon
  4912 | D:5      | Noticed a hornet
  4923 | D:5      | Slain by a hornet

Illustrated notes

Levels and vault maps discovered:
D:1:      lightli_arrival_statue_moat, layout_basic,
          shapermc_ecumenical_altar_mp_vishouse, roderic_serpentine_path,
          serial_bayou_pond_a
D:2:      layout_loops_corners, grunt_decor_clamped
D:3:      layout_basic, tgw_sif
D:4:      layout_rooms, temple_doors_e, minmay_box_of_dots
D:5:      cheibrodos_iron_armory, layout_loops_corners, uniq_ijyb
Temple:   mainiacjoe_temple_coin_purse

Skill      XL: |  1  2  3  4  5 |
---------------+----------------+-----
Invocations    | 1 |  1.8
Dodging        | 1 |  1.4
Maces & Flails | 3 |  3.8
Fighting       | 4 |  4.3
Armour         | 4 |  4.3
Shields        | 4 |  4.2

Action                   |  1- 3 |  4- 6 || total
-------------------------+-------+-------++-------
Melee: Flail             |   124 |   234 ||   358
  Use: Scroll            |       |    11 ||    11
       Potion            |       |     4 ||     4
Armor: Scale mail        |   100 |   153 ||   253
       Skin              |       |    21 ||    21
Dodge: Dodged            |    70 |   114 ||   184
Block: Buckler           |    41 |    76 ||   117

Table legend: (Time is in decaauts)
 A = Elapsed time spent in this place.
 B = Non-inter-level travel time spent in this place.
 C = Inter-level travel time spent in this place.
 D = Time resting spent in this place.
 E = Time spent auto-exploring this place.
 F = Levels seen in this place.
 G = Mean time per level.
                   A        B        C        D        E       F      G
               +--------+--------+--------+--------+--------+-----+--------+
         Total |   5049 |   4773 |    276 |    192 |   3711 |   6 |  841.5 |
       Dungeon |   4980 |   4704 |    276 |    192 |   3668 |   5 |  996.0 |
        Temple |     68 |     68 |      0 |      0 |     43 |   1 |   68.0 |
               +--------+--------+--------+--------+--------+-----+--------+

Top non-repeatable levels by time:
     D:1: 1841 daAuts
     D:2: 961 daAuts
     D:4: 954 daAuts
     D:3: 710 daAuts
     D:5: 513 daAuts
  Temple: 68 daAuts
